Map: Vaani Research Station (Void)

Players

CommadoreXav

  • Race: Protoss Protoss
  • League: Gold
  • Spawn Location: 12:00

Darun - Winner!

  • Race: Zerg Zerg
  • League: Gold
  • Spawn Location: 6:00

VOD

Have the link to the VOD?

Description

Time

  • Played on: Jan. 15, 2017, 5:04 a.m.
  • Length: 20:25
Show
View Real Time Build Order
Export as new Build Order

CommadoreXav Protoss 

Build Orders: Nexus First, Dark Templar Rush 

Get SALT Encoding   

  12  0:01  Probe (Chrono Boost)  
  13  0:11  Probe (Chrono Boost)  
  14  0:21  Pylon  
  14  0:24  Probe (Chrono Boost)  
  15  0:39  Probe (Chrono Boost)  
  16  0:50  Probe (Chrono Boost)  
  17  1:02  Nexus  
  17  1:11  Gateway  
  17  1:17  Assimilator  
  17  1:20  Probe (Chrono Boost)  
  18  1:30  Probe (Chrono Boost)  
  19  1:41  Probe (Chrono Boost)  
  19  1:44  Assimilator  
  19  1:46  Pylon  
  20  1:51  Probe (Chrono Boost)  
  21  2:00  Cybernetics Core  
  21  2:02  Zealot  
  23  2:14  Probe (Chrono Boost)  
  24  2:17  Probe (Chrono Boost)  
  25  2:25  Probe (Chrono Boost)  
  25  2:27  Probe (Chrono Boost)  
  27  2:37  Probe (Chrono Boost)  
  27  2:38  Probe (Chrono Boost)  
  27  2:39  Warp Gate  
  27  2:42  Twilight Council  
  29  2:44  Stalker  
  29  2:48  Probe x2 (Chrono Boost)  
  34  2:58  Probe (Chrono Boost)  
  34  2:59  Probe (Chrono Boost)  
  35  3:09  Probe (Chrono Boost)  
  35  3:10  Probe (Chrono Boost)  
  37  3:19  Probe (Chrono Boost)  
  38  3:20  Probe (Chrono Boost)  
  38  3:22  Pylon  
  39  3:30  Probe (Chrono Boost), Dark Shrine  
  39  3:31  Probe (Chrono Boost)  
  40  3:36  Robotics Facility  
  40  3:40  Probe (Chrono Boost)  
  42  3:41  Probe (Chrono Boost)  
  42  3:46  Assimilator  
  42  3:51  Probe (Chrono Boost)  
  42  3:52  Probe (Chrono Boost)  
  44  3:57  Assimilator  
  44  4:01  Probe (Chrono Boost)  
  44  4:02  Probe (Chrono Boost), Pylon  
  46  4:12  Probe (Chrono Boost), Pylon  
  46  4:13  Probe (Chrono Boost)  
  48  4:23  Probe x2 (Chrono Boost)  
  50  4:26  Gateway x2  
  50  4:30  Warp Prism, Gateway  
  50  4:34  Probe x2 (Chrono Boost)  
  54  4:44  Probe (Chrono Boost)  
  56  4:46  Probe (Chrono Boost)  
  56  4:51  Pylon  
  56  4:55  Probe (Chrono Boost)  
  56  4:58  Probe (Chrono Boost)  
  58  5:02  Immortal  
  58  5:05  Probe (Chrono Boost)  
  59  5:10  Probe (Chrono Boost)  
  64  5:15  Pylon  
  64  5:16  Probe (Chrono Boost)  
  66  5:23  Probe (Chrono Boost)  
  66  5:26  Dark Templar x4  
  74  5:34  Probe (Chrono Boost)  
  74  5:35  Probe (Chrono Boost)  
  76  5:43  Observer, Gateway  
  76  5:45  Gateway  
  76  5:46  Gateway  
  75  6:04  Charge  
  75  6:09  Sentry x3  
  75  6:16  Probe (Chrono Boost)  
  75  6:17  Probe (Chrono Boost)  
  77  6:25  Zealot  
  77  6:27  Probe (Chrono Boost)  
  77  6:30  Probe (Chrono Boost)  
  81  6:43  Zealot  
  81  6:44  Zealot  
  85  6:48  Forge  
  85  6:56  Probe (Chrono Boost)  
  86  7:09  Pylon  
  86  7:10  Pylon  
  86  7:16  Pylon  
  86  7:19  Pylon  
  86  7:23  Pylon, Nexus  
  86  7:27  Probe (Chrono Boost), Observer  
  88  7:36  Zealot x2  
  92  7:37  Zealot  
  92  7:38  Zealot  
  92  7:39  Sentry x2  
  92  7:40  Zealot  
  102  7:48  Stargate  
  102  7:51  Robotics Bay  
  102  7:52  Gateway  
  102  7:54  Probe (Chrono Boost)  
  102  7:55  Probe (Chrono Boost)  
  102  7:58  Immortal  
  104  8:03  Zealot  
  104  8:04  Zealot x3  
  104  8:05  Zealot x2  
  120  8:06  Protoss Ground Weapons Level 1, Sentry  
  122  8:16  Probe (Chrono Boost)  
  122  8:17  Probe (Chrono Boost)  
  122  8:19  Resonating Glaives  
  124  8:25  Adept  
  126  8:32  Pylon  
  126  8:34  Oracle  
  126  8:35  Pylon  
  126  8:38  Pylon  
  129  8:43  Observer  
  129  8:45  Adept x2  
  129  8:46  Adept x3  
  139  9:09  Immortal  
  139  9:15  Photon Cannon  
  143  9:17  Photon Cannon  
  143  9:20  Photon Cannon  
  143  9:22  Probe x2 (Chrono Boost)  
  145  9:24  Assimilator  
  145  9:28  Assimilator  
  145  9:31  Robotics Facility  
  145  9:32  Gateway  
  145  9:51  Adept x3  
  145  9:52  Adept  
  152  9:59  Adept x3  
  158  10:06  Immortal  
  162  10:21  Zealot  
  164  10:29  Pylon  
  164  10:32  Pylon  
  164  10:35  Pylon  
  164  10:45  Adept, Colossus  
  128  10:52  Adept x6  
  128  10:53  Adept x2  
  119  10:59  Immortal  
  88  11:21  Zealot x3  
  88  11:22  Zealot x5  
  102  11:31  Templar Archives  
  95  11:42  Mothership Core (Chrono Boost)  
  95  11:43  Immortal  
  95  11:45  Adept x4  
  95  11:46  Adept x3  
  96  11:48  Colossus  
  96  11:52  Sentry  
  97  11:58  Protoss Ground Weapons Level 2  
  103  12:23  Zealot  
  103  12:24  Zealot x3  
  103  12:25  Adept x3  
  103  12:26  Adept x2  
  121  12:30  Extended Thermal Lance  
  121  12:36  Colossus  
  121  12:40  Psionic Storm  
  127  12:46  Oracle  
  130  13:02  High Templar x4  
  138  13:29  Observer  
  143  13:41  Immortal  
  143  13:48  Sentry x2  
  143  13:49  Sentry  
  149  14:27  Nexus  
  149  14:40  Observer  
  74  16:09  Colossus x2  
  86  16:23  Zealot  
  86  16:24  Zealot x4  
  96  16:31  Stalker  
  94  16:44  High Templar x2  
  94  16:46  Stalker x2  
  102  16:53  Phoenix  
  104  17:12  Stalker x2  
  108  17:38  Stalker  
  108  17:39  Stalker x2  
  114  17:51  Pylon  
  114  17:53  Pylon  
  98  18:12  Sentry x3  
  96  18:16  Stalker  
  88  18:35  Assimilator  
  88  19:42  Zealot x4  
  88  19:43  Zealot x2  
  88  19:44  Stalker x3  
  106  20:06  Nexus  
Show
View Real Time Build Order
Export as new Build Order

Darun Zerg - Winner!

Build Orders: 3 Hatch before Pool 

Get SALT Encoding   

  12  0:01  Drone  
  13  0:08  Drone  
  14  0:22  Extractor x2  
  14  0:23  Drone x2  
  16  0:29  Overlord  
  16  0:52  Hatchery  
  16  0:54  Drone  
  16  0:57  Drone  
  17  1:19  Hatchery  
  16  1:26  Drone  
  17  1:42  Spawning Pool  
  17  1:45  Drone x2  
  17  1:46  Drone  
  19  1:58  Drone  
  20  2:04  Drone  
  20  2:07  Drone  
  22  2:15  Drone  
  23  2:19  Drone  
  24  2:27  Drone  
  25  2:31  Queen x3  
  25  2:34  Drone  
  32  2:40  Drone x2  
  32  2:44  Overlord  
  34  2:48  Overlord  
  34  2:52  Overlord  
  34  2:59  Overlord  
  34  3:02  Overlord  
  34  3:04  Drone  
  35  3:06  Drone  
  35  3:08  Drone  
  37  3:15  Drone x3  
  37  3:19  Drone  
  41  3:25  Drone x2  
  43  3:28  Spore Crawler  
  42  3:34  Spore Crawler  
  42  3:36  Spine Crawler  
  42  3:38  Drone x3, Spine Crawler  
  42  3:41  Drone  
  42  3:47  Drone x3  
  42  3:48  Drone  
  47  3:51  Extractor  
  47  3:54  Extractor  
  45  3:56  Drone x3  
  45  3:58  Drone  
  45  4:00  Drone  
  50  4:03  Extractor, Drone x2  
  50  4:05  Drone  
  50  4:06  Extractor  
  51  4:13  Drone x2  
  51  4:16  Drone x2  
  56  4:17  Drone  
  56  4:27  Roach Warren  
  56  4:28  Evolution Chamber  
  56  4:30  Evolution Chamber  
  53  4:31  Baneling Nest  
  53  4:35  Queen  
  54  4:40  Metabolic Boost  
  54  4:42  Queen  
  56  4:47  Queen  
  58  4:58  Zerg Missile Weapons Level 1  
  58  5:02  Zerg Ground Armor Level 1  
  58  5:03  Zergling x10  
  58  5:06  Zergling x4  
  65  5:08  Zergling x2  
  65  5:11  Zergling x4  
  68  5:19  Zergling x6  
  71  5:28  Lair  
  71  5:29  Pneumatized Carapace  
  71  5:48  Roach  
  70  6:15  Drone  
  71  6:21  Spore Crawler  
  71  6:22  Spine Crawler  
  71  6:23  Drone x5  
  71  6:24  Overlord x4  
  74  6:39  Spine Crawler, Spore Crawler  
  72  6:40  Drone x2  
  74  6:51  Infestation Pit, Centrifical Hooks  
  73  6:54  Glial Reconstitution  
  73  6:56  Hydralisk Den, Overseer x2  
  73  6:59  Zerg Ground Armor Level 2, Zerg Missile Weapons Level 2  
  72  7:03  Baneling x2  
  72  7:04  Baneling  
  72  7:07  Drone x8  
  83  7:22  Drone x3  
  83  7:23  Hatchery, Drone x5  
  87  7:36  Extractor  
  86  7:37  Drone x6  
  86  7:39  Extractor  
  91  7:54  Infestor x3  
  91  7:57  Zergling x12  
  103  8:06  Drone  
  103  8:07  Drone x2  
  103  8:10  Overlord x3  
  106  8:23  Overlord x3  
  106  8:24  Overlord x2  
  106  8:58  Roach x5  
  106  8:59  Roach x11  
  138  9:04  Spore Crawler  
  138  9:06  Spore Crawler  
  138  9:07  Spore Crawler  
  135  9:12  Spine Crawler  
  135  9:13  Spine Crawler  
  133  9:18  Hydralisk x4  
  133  9:19  Hydralisk x3  
  133  9:22  Roach x2  
  133  9:23  Roach  
  153  9:30  Ravager x2  
  153  9:31  Ravager x4  
  159  9:33  Ravager  
  159  9:37  Zergling x18  
  169  9:48  Zergling x2  
  169  9:49  Zergling x12  
  176  10:00  Baneling  
  176  10:01  Baneling x16  
  176  10:02  Baneling  
  176  10:03  Baneling  
  176  10:05  Baneling  
  176  10:06  Overlord x3  
  176  10:28  Baneling  
  176  10:29  Baneling x14  
  176  10:30  Extractor  
  176  10:31  Zergling x8  
  176  10:32  Hatchery  
  176  10:35  Extractor  
  148  10:59  Zergling x2  
  148  11:00  Zergling x28  
  148  11:01  Zergling x14  
  153  11:23  Zergling x22  
  158  11:54  Overlord  
  158  12:01  Spire x2  
  157  12:02  Hive  
  157  12:05  Drone x3  
  157  12:07  Drone x3  
  162  12:09  Roach  
  162  12:10  Roach x8  
  177  12:30  Baneling x12  
  177  12:31  Baneling x9  
  177  12:56  Zerg Melee Weapons Level 1  
  177  13:12  Corruptor x4  
  179  13:13  Corruptor x5  
  179  13:19  Zerg Flyer Weapons Level 1  
  195  13:21  Zerg Flyer Armor Level 1  
  195  13:26  Zerg Missile Weapons Level 3  
  195  13:47  Overlord  
  195  13:51  Overlord  
  195  13:52  Overlord  
  195  14:06  Neural Parasite  
  195  14:11  Muscular Augments  
  195  14:16  Baneling x5  
  195  14:17  Baneling x22  
  195  14:18  Baneling x3  
  195  14:19  Baneling  
  195  14:28  Baneling x8  
  195  14:29  Baneling  
  195  14:38  Zergling x8  
  199  14:51  Zerg Ground Armor Level 3  
  199  15:04  Adrenal Glands  
  199  15:14  Greater Spire  
  199  15:15  Zerg Flyer Weapons Level 2  
  165  15:55  Corruptor x5  
  165  15:56  Corruptor x2  
  179  16:07  Zerg Melee Weapons Level 2  
  179  16:16  Burrow  
  179  16:43  Brood Lord x4  
  179  16:44  Brood Lord x3  
  197  16:47  Brood Lord x2  
  197  17:12  Zerg Flyer Armor Level 2  
  197  17:35  Hatchery, Extractor  
  195  17:39  Extractor  
  194  17:48  Hatchery, Extractor  
  194  17:51  Extractor  
  155  18:43  Zergling x28  
  155  18:44  Zergling x56  
  155  18:45  Zergling x6  
  200  19:14  Baneling  
  200  19:15  Baneling x23  
  200  19:16  Baneling x29  
  200  19:17  Baneling x20  
  200  19:18  Baneling  
  200  19:19  Baneling  
  200  19:21  Baneling  
  200  19:22  Baneling  
  200  19:24  Baneling  
  200  19:25  Baneling  
  200  19:26  Baneling  
  200  20:00  Spore Crawler  
  200  20:05  Evolution Chamber, Spine Crawler  
Tags
 
Add a new tag
Caveats
  • Supply blocks, unpowered buildings, or Contaminate may cause inaccurate times.
  • Supply counts are checked every 10 seconds.